 Dungeon Crawl Stone Soup version 0.26.1-10-gdfb7c7de75 (webtiles) character file.

Game seed: 2063262179055408407

23753 Riddle the Covert (level 13, -15/103 HPs)
             Began as a Merfolk Gladiator on Apr 1, 2021.
             Was a Believer of Uskayaw.
             Demolished by a +0 quarterstaff of chaos (35 damage)
             ... on level 2 of the Lair of Beasts.
             The game lasted 00:36:15 (28524 turns).

Riddle the Covert (Merfolk Gladiator)              Turns: 28524, Time: 00:36:16

Health: -15/103    AC: 14    Str: 15    XL:     13   Next: 8%
Magic:  0/13       EV: 19    Int:  7    God:    Uskayaw [**....]
Gold:   1039       SH: 15    Dex: 26    Spells: 12/12 levels left

rFire    + + .     SeeInvis +   J - +2 dagger (chaos)
rCold    + + .     Faith    .   k - +2 shield of Resistance {rF++ rC++ Will++}
rNeg     . . .     Spirit   .   P - +4 ring mail
rPois    +         Reflect  .   E - +0 helmet (curse)
rElec    .         Harm     .   L - +2 cloak {Stlth+}
rCorr    .         Rampage  .   e - +0 pair of gloves
Will     ++...                  (no boots)
Stlth    ++++++....             (no amulet)
HPRegen  0.27/turn              I - ring of poison resistance
MPRegen  0.13/turn              M - ring "Kujut" {Dex+6 SInv}

@: lethally poisoned (-15 -> -20), about to teleport, hasted, studying Armour,
very quick
A: change form in water, swift swim, stealthy swim
a: Renounce Religion, Stomp, Line Pass


You were on level 2 of the Lair of Beasts.
You worshipped Uskayaw.
Uskayaw was noncommittal.
You visited 3 branches of the dungeon, and saw 14 of its levels.
You also visited: Ossuary.

You collected 1039 gold pieces.

Inventory:

Hand Weapons
 b - a +3 dagger of venom
 J - a +2 dagger of chaos (weapon)
Missiles
 d - 3 throwing nets (quivered)
Armour
 e - a +0 pair of gloves (worn)
 k - the +2 shield of Resistance (worn) {rF++ rC++ Will++}
   (You found it on level 7 of the Dungeon)

   It greatly protects you from fire.
   It greatly protects you from cold.
   It affects your willpower, your defense against some magical effects.
 E - a cursed +0 helmet (worn)
 L - a +2 cloak of stealth (worn)
 P - a +4 ring mail (worn)
Jewellery
 r - a +4 ring of protection {unknown}
 C - an uncursed ring of protection from cold
 I - a ring of poison resistance (left hand)
 M - the ring "Kujut" (right hand) {Dex+6 SInv}
   (You took it off a vampire on level 9 of the Dungeon)

   [ring of dexterity]

   It affects your dexterity (+6).
   It lets you see invisible.
Wands
 c - a wand of flame (39)
 f - a wand of paralysis (4)
 m - a wand of random effects (31)
 o - a wand of enslavement (6)
 D - a wand of iceblast (5)
 G - a wand of polymorph (19)
Scrolls
 i - 6 scrolls of fog
 j - 6 scrolls of amnesia
 l - 14 scrolls of identify
 p - 9 scrolls of remove curse
 s - a scroll of summoning {unknown}
 v - 3 scrolls of enchant armour
 w - 6 scrolls of teleportation
 y - 2 scrolls of magic mapping
 A - 4 scrolls of blinking
 K - a scroll of enchant weapon
 O - a scroll of fear
Potions
 g - 6 potions of attraction
 h - 2 potions of brilliance
 n - a potion of ambrosia
 q - 4 potions of flight {unknown}
 t - a potion of haste {unknown}
 u - 6 potions of lignification
 x - 3 potions of curing {unknown}
 z - 3 potions of degeneration {unknown}
 B - a potion of invisibility {unknown}
 H - a potion of heal wounds
Books
 a - a manual of Armour


   Skills:
 + Level 10.1 Fighting
 - Level 10.0 Short Blades
 - Level 2.0 Throwing
 - Level 10.0 Dodging
 * Level 14.6 Stealth
 * Level 10.8 Shields


You had 12 spell levels left.
You didn't know any spells.
Your spell library contained the following spells:

 Spells                   Type           Power        Failure   Level
 Animate Skeleton         Necr           0%           85%         1
 Apportation              Tloc           0%           85%         1
 Corona                   Hex            0%           85%         1
 Magic Dart               Conj           0%           85%         1
 Sandblast                Erth           0%           85%         1
 Summon Small Mammal      Summ           0%           85%         1
 Passwall                 Tmut/Erth      0%           94%         2
 Poisonous Vapours        Pois/Air       0%           94%         2
 Searing Ray              Conj           0%           94%         2
 Conjure Flame            Conj/Fire      0%           99%         3
 Dazzling Flash           Conj/Hex       0%           99%         3
 Mephitic Cloud           Conj/Pois/Air  0%           99%         3
 Stone Arrow              Conj/Erth      0%           99%         3
 Fulminant Prism          Conj/Hex       0%           100%        4
 Iskenderun's Mystic Bla  Conj/Tloc      0%           100%        4
 Petrify                  Tmut/Erth      0%           100%        4
 Lee's Rapid Deconstruct  Erth           0%           100%        5
 Summon Demon             Summ           0%           100%        5
 Summon Forest            Summ/Tloc      0%           100%        5
 Summon Mana Viper        Hex/Summ       0%           100%        5
 Freezing Cloud           Conj/Ice/Air   0%           100%        6
 Shadow Creatures         Summ           N/A          100%        6
 Summon Hydra             Summ           0%           100%        7


Dungeon Overview and Level Annotations

Branches:
Dungeon (11/15)            Temple (1/1) D:4            Lair (2/6) D:9
    Orc (0/2) D:11        Ossuary (visited)
  Swamp: Lair:2-4    Shoals: Lair:2-4     Snake: Lair:2-4    Spider: Lair:2-4

Altars:
Ashenzari
Cheibriados
Dithmenos
Elyvilon
Fedhas
Gozag
Hepliaklqana
Kikubaaqudgha
Makhleb
Nemelex Xobeh
Okawaru
Qazlal
Ru
Sif Muna
Trog
Uskayaw
Vehumet
Wu Jian
Xom
Yredelemnul
Zin
The Shining One

Shops:
D:4 =   D:5 :   D:11 }(

Portals:
Trove: D:10 (give +7 demon trident)

Annotations:
Lair:1 3 runed translucent doors, Purph's ghost, journeyman MiBe; Zusoliwk's ghost, journeyman CeHu


Message History

The +0 quarterstaff of chaos seems to grow stronger.
The +0 quarterstaff of chaos is moderately damaged.
You feel sick.
You closely miss the +0 quarterstaff of chaos.
The +0 quarterstaff of chaos is moderately damaged.
The +0 quarterstaff of chaos hits you!!
* * * LOW HITPOINT WARNING * * *
You feel your power leaking away.
Okay, then.
You feel much better.
You feel sick.
You block the +0 quarterstaff of chaos's attack.
You hit the +0 quarterstaff of chaos but do no damage.
The +0 quarterstaff of chaos is lightly damaged.
The +0 quarterstaff of chaos hits you!!
* * * LOW HITPOINT WARNING * * *
You feel sick.
As you read the scroll of teleportation, it crumbles to dust.
You feel strangely unstable.
You feel sick. The +0 quarterstaff of chaos hits you!!
You die...

#..#..####
###P.P.###.#
###.......#..#
#............#
#...#...#..P.##
#.####..###...##
##.# #..## ##...##
###P.####.#####....#
#.....##...##!#@..##
#.#######.##._(..##
##..# #..###.#..#
#P.######..# ###..#
##..##.###.## ####
......####.P#
#..........##
#..........#
#..........##


You could see a +0 quarterstaff of chaos (strong).

Vanquished Creatures
  The ghost of Alannah the Fighter, a journeyman MiBe of Trog (Lair:2)
  A rakshasa (D:9)
  A vault guard (D:10)
  2 hydras
  3 two-headed ogres
  A manticore (D:11)
  A cyclops (D:11)
  6 elephants (Lair:2)
  Joseph (D:7)
  2 black mambas (Lair:1)
  Maurice (D:11)
  Psyche (D:9)
  4 cane toads (Lair:1)
  2 hornets (D:8)
  11 blink frogs
  A wyvern (D:11)
  14 yaks
  A vampire (D:9)
  A basilisk (Lair:2)
  2 wargs (D:10)
  4 water moccasins
  7 orc warriors
  3 sky beasts
  A hornet zombie (D:11)
  A black bear (D:7)
  2 ice beasts (D:10)
  3 necrophages
  5 wolves (Lair:1)
  8 ogres
  5 centaurs
  2 big kobolds
  10 bullfrogs
  A gnoll sergeant (D:9)
  3 scorpions
  11 killer bees
  8 wights
  5 howler monkeys
  A centaur zombie (D:8)
  5 bullfrog zombies
  6 hounds
  3 jellies
  A human zombie (D:4)
  14 orc priests
  Ijyb (D:2)
  3 centaur skeletons
  9 orc wizards
  8 worker ants
  4 big kobold zombies (Ossuary)
  A hound zombie (D:9)
  A hound skeleton (D:7)
  A mummy (Ossuary)
  A howler monkey zombie (D:5)
  15 gnolls
  10 adders
  4 shadow imps
  3 white imps
  4 ufetubi
  An ooze (D:1)
  An adder zombie (D:5)
  An adder skeleton (D:6)
  2 worms
  3 dart slugs
  4 leopard geckos
  31 orcs
  2 spectral bats (Ossuary)
  A ball python (D:1)
  9 giant cockroaches
  8 gnoll zombies (Ossuary)
  9 goblins
  9 hobgoblins
  24 jackals
  8 quokkas
  3 bats
  A bat simulacrum (Ossuary)
  3 frilled lizards
  4 goblin simulacra (Ossuary)
  4 goblin zombies (Ossuary)
  6 hobgoblin zombies (Ossuary)
  A jackal skeleton (D:8)
  2 jackal zombies
  17 kobolds
  2 kobold simulacra (Ossuary)
  3 kobold zombies (Ossuary)
  A leopard gecko zombie (D:9)
  6 orc zombies
  A quokka zombie (D:9)
  7 rats
  A rat simulacrum (Ossuary)
  2 spectral goblins (Ossuary)
  4 spectral kobolds (Ossuary)
  A spectral orc (D:7)
  2 spectral rats (Ossuary)
415 creatures vanquished.

Vanquished Creatures (others)
  A two-headed ogre (D:9)
  An orc warrior (D:9)
  A jelly (D:9)
  A hound (D:9)
  An orc wizard (D:11)
  A worker ant (D:9)
  A gnoll (D:5)
  2 white imps (D:9)
  An adder skeleton (D:9)
  A leopard gecko (D:9)
  2 orcs (D:9)
  2 plants
  6 withered plants (Lair:1)
21 creatures vanquished.

Grand Total: 436 creatures vanquished

Notes
Turn   | Place    | Note
-------+----------+-------------------------------------------
     0 | D:1      | Riddle the Merfolk Gladiator began the quest for the Orb.
     0 | D:1      | Reached XP level 1. HP: 16/16 MP: 1/1
   162 | D:1      | Reached skill level 1 in Stealth
   162 | D:1      | Reached XP level 2. HP: 15/22 MP: 2/2
   444 | D:1      | Reached skill level 1 in Shields
   851 | D:2      | Found an opulent altar of Gozag.
   896 | D:2      | Reached XP level 3. HP: 25/28 MP: 3/3
  1188 | D:2      | Reached skill level 2 in Stealth
  1707 | D:2      | Reached XP level 4. HP: 30/34 MP: 4/4
  2051 | D:2      | Reached XP level 5. HP: 12/39 MP: 5/5
  2570 | D:3      | Found a shadowy altar of Dithmenos.
  2589 | D:3      | Found an ancient bone altar of Kikubaaqudgha.
  2606 | D:3      | Reached skill level 3 in Stealth
  2910 | D:3      | Noticed Ijyb
  2912 | D:3      | Paralysed by Ijyb for 2 turns
  3030 | D:2      | Paralysed by Ijyb for 3 turns
  3052 | D:2      | Killed Ijyb
  3143 | D:3      | Found a burning altar of Makhleb.
  3147 | D:3      | Found a glowing silver altar of Zin.
  3147 | D:3      | Noticed an angel
  3148 | D:3      | Noticed a cacodemon
  3205 | D:3      | Reached XP level 6. HP: 47/47 MP: 6/6
  3543 | D:4      | Found Goduacea's Jewellery Emporium.
  3574 | D:4      | Found a sand-covered staircase.
  3609 | D:4      | Reached skill level 5 in Dodging
  3609 | D:4      | Reached skill level 4 in Stealth
  3712 | Ossuary  | Entered an ossuary
  4004 | Ossuary  | Reached XP level 7. HP: 51/52 MP: 7/7
  4309 | Ossuary  | Reached skill level 5 in Short Blades
  5348 | D:4      | Reached skill level 5 in Stealth
  5362 | D:4      | Found a staircase to the Ecumenical Temple.
  5558 | Temple   | Entered the Ecumenical Temple
  5577 | Temple   | Became a worshipper of Uskayaw the Reveller
  5796 | D:5      | Entered Level 5 of the Dungeon
  5804 | D:5      | Reached * piety under Uskayaw
  5934 | D:5      | Found Iduasez's Book Shoppe.
  6295 | D:5      | Reached XP level 8. HP: 60/60 MP: 8/8
  6303 | D:5      | Found a white marble altar of Elyvilon.
  6416 | D:5      | Reached ** piety under Uskayaw
  7067 | D:5      | Reached skill level 6 in Stealth
  8311 | D:5      | Found Iduasez's Book Shoppe.
  8406 | D:5      | Found a white marble altar of Elyvilon.
  8733 | D:5      | Reached *** piety under Uskayaw
  8759 | D:5      | HP: 3/61 [poisoned by a water moccasin]
  9497 | D:4      | Found Goduacea's Jewellery Emporium.
  9679 | D:4      | Found a staircase to the Ecumenical Temple.
 10121 | D:6      | Reached skill level 5 in Fighting
 10151 | D:6      | Found a blossoming altar of Fedhas.
 10324 | D:6      | Reached skill level 7 in Stealth
 10660 | D:7      | Found the +2 shield of Resistance {rF++ rC++ Will++}
 10701 | D:7      | Reached XP level 9. HP: 48/68 MP: 9/9
 10726 | D:7      | Reached **** piety under Uskayaw
 11237 | D:7      | Reached skill level 8 in Stealth
 11380 | D:7      | Reached ***** piety under Uskayaw
 11556 | D:7      | Found a basalt altar of Yredelemnul.
 11630 | D:7      | Found a bloodstained altar of Trog.
 11730 | D:8      | Noticed a hornet
 11743 | D:8      | Noticed Joseph
 11761 | D:8      | Noticed a hornet
 12449 | D:7      | Killed Joseph
 12450 | D:7      | Reached skill level 9 in Stealth
 12883 | D:7      | Reached skill level 5 in Shields
 13198 | D:8      | You fall into a shaft and drop 3 floors!
 13232 | D:11     | Reached XP level 10. HP: 77/77 MP: 10/10
 13598 | D:11     | Noticed Maurice
 13633 | D:11     | Killed Maurice
 13634 | D:11     | Reached skill level 10 in Stealth
 13710 | D:11     | Found Kyulon's Gadget Boutique.
 13714 | D:10     | Entered Level 10 of the Dungeon
 13745 | D:9      | Found a staircase to the Lair.
 13745 | D:9      | Found a radiant altar of Vehumet.
 13745 | D:9      | Noticed a two-headed ogre
 14157 | D:8      | Paralysed by a hornet for 2 turns
 14181 | D:7      | HP: 3/77 [poisoned by a hornet]
 14188 | D:7      | HP: 3/77 [poisoned by a hornet]
 14196 | D:7      | HP: 3/77 [poisoned by a hornet]
 14583 | D:8      | Found a snail-covered altar of Cheibriados.
 15398 | D:9      | Noticed a rakshasa
 15940 | D:9      | Noticed a two-headed ogre
 15970 | D:8      | Killed a two-headed ogre
 15971 | D:8      | Reached skill level 11 in Stealth
 16211 | D:9      | Noticed a two-headed ogre
 16608 | D:9      | Identified the ring "Kujut" {Dex+6 SInv}
 16845 | D:8      | Killed a two-headed ogre
 16846 | D:8      | Reached XP level 11. HP: 47/84 MP: 11/11
 20678 | D:9      | Killed a two-headed ogre
 20940 | D:9      | Found a shimmering altar of Xom.
 20946 | D:9      | Noticed Psyche
 20964 | D:9      | Killed Psyche
 21397 | D:9      | Identified the +5 morningstar of Past Mistakes {vorpal,
                  | Str+6 Int-4 Dex+3 SInv}
 21455 | D:9      | Found a glowing golden altar of the Shining One.
 21535 | Lair:1   | Entered Level 1 of the Lair of Beasts
 21535 | Lair:1   | Found a runed translucent gate.
 21535 | Lair:1   | Found a runed translucent gate.
 21535 | Lair:1   | Found a runed translucent gate.
 21535 | Lair:1   | Noticed Zusoliwk's ghost (journeyman CeHu)
 21535 | Lair:1   | Noticed Purph's ghost (journeyman MiBe)
 21857 | D:9      | Killed a rakshasa
 22626 | D:10     | Reached skill level 10 in Dodging
 22876 | D:10     | Noticed a vault guard
 22879 | D:10     | Killed a vault guard
 22880 | D:10     | Reached skill level 12 in Stealth
 22882 | D:10     | Found a portal to a secret trove of treasure.
 23429 | D:11     | Noticed a two-headed ogre
 23721 | D:10     | Killed a two-headed ogre
 24002 | D:11     | Found a staircase to the Orcish Mines.
 24006 | D:11     | Noticed a six-headed hydra
 24360 | D:11     | Killed a six-headed hydra
 24889 | D:11     | Reached skill level 10 in Short Blades
 24901 | D:11     | Reached XP level 12. HP: 54/94 MP: 12/12
 25639 | D:11     | Found Efyowky's Weapon Emporium.
 25969 | D:11     | Reached skill level 13 in Stealth
 26228 | D:9      | Identified a scroll of acquirement
 26228 | D:9      | Acquired a manual of Armour
 27267 | Lair:1   | You fall into a shaft and drop 1 floor!
 27313 | Lair:2   | Reached skill level 10 in Shields
 27344 | Lair:2   | Reached skill level 14 in Stealth
 27808 | Lair:2   | Noticed a four-headed hydra
 27813 | Lair:2   | Killed a four-headed hydra
 28023 | Lair:2   | Reached skill level 10 in Fighting
 28024 | Lair:2   | Reached XP level 13. HP: 103/103 MP: 13/13
 28102 | Lair:2   | Found a runed translucent door.
 28103 | Lair:2   | Found a shimmering altar of Xom.
 28103 | Lair:2   | Noticed Alannah's ghost (journeyman MiBe)
 28512 | Lair:2   | Killed Alannah's ghost
 28524 | Lair:2   | Demolished by a +0 quarterstaff of chaos

Illustrated notes

Levels and vault maps discovered:
D:1:      amcnicky_arrival_wind_blow, layout_basic
D:2:      minmay_inner_zag, layout_rooms, grunt_gozag_statues,
          minmay_door_square, minmay_fractal_squares_5
D:3:      layout_basic, grunt_temple_overflow_order_and_chaos_2,
          old_standard_altar, overflow_temple_1_default, uniq_ijyb
D:4:      layout_basic, minmay_temple_entry_nine_rooms, serial_shops,
          nicolae_shop_behind_doors, enter_ossuary_3
D:5:      layout_gridville, lemuel_doored_altar, serial_shops,
          nicolae_shop_trees
D:6:      layout_gridville, overflow_temple_1_default
D:7:      layout_rooms, yredelemnul_forgotten_temple_becter,
          lightli_temple_of_fire
D:8:      layout_rooms, marbit_many_paths, uniq_joseph
D:9:      minmay_the_grid_octo_tiled_octocenter
          [minmay_the_grid_octo_tetromino_candy, minmay_the_grid_octo_odd_swirl,
          minmay_the_grid_octo_checkered, minmay_the_grid_octo_fat_diamond,
          minmay_the_grid_octo_prize_star, minmay_the_grid_square_5x5_inner_z,
          minmay_the_grid_square_5x5_plus, minmay_the_grid_square_5x5_percent,
          minmay_the_grid_square_5x5_forky], layout_irregular_city,
          xom_confusion_cloud, kennysheep_mini_moat, fiery_altar_vehumet,
          lair_entry_dummy, minmay_misc_feat_doors, uniq_psyche
D:10:     layout_basic, enter_trove_5
D:11:     layout_loops_ring, david_orc_1_choice, serial_shops, shop_statue,
          nicolae_shop_competitors_out_of_business, uniq_maurice
Temple:   compressed_dpeg_triangle_lava_temple
Lair:1:   layout_roguey, gammafunk_ghost_cemetery, lemuel_fruit_tree,
          grunt_megastairs_1
Lair:2:   layout_loops_ring, ebering_ghost_xom

Skill      XL: |  1  2  3  4  5  6  7  8  9 10 11 12 |
---------------+-------------------------------------+-----
Stealth        | 1 2 3 4 5 7 9 11 12 14 | 14.6
Shields        | 1 2 3 4 5 6 8 10 | 10.8
Short Blades   | 4 5 6 7 9 10 | 10.0
Fighting       | 3 4 5 6 7 8 10 | 10.1
Dodging        | 5 7 8 9 10 | 10.0
Throwing       | |  2.0

Action                   |  1- 3 |  4- 6 |  7- 9 | 10-12 | 13-15 || total
-------------------------+-------+-------+-------+-------+-------++-------
Melee: Rapier            |    12 |       |       |       |       ||    12
       Short sword       |    69 |   237 |   656 |       |       ||   962
       Dagger            |       |       |    25 |  1454 |    39 ||  1518
Invok: Stomp             |       |       |       |    14 |       ||    14
  Use: Scroll            |       |     6 |     3 |     8 |     1 ||    18
       Potion            |       |       |     8 |     2 |     1 ||    11
 Stab: Sleeping          |     8 |     9 |    31 |    20 |     1 ||    69
       Distracted        |       |       |     2 |     3 |       ||     5
       Paralysed         |       |       |     4 |    34 |     3 ||    41
       Petrifying        |       |       |       |     3 |       ||     3
       Confused          |       |       |       |     2 |       ||     2
Armor: Leather armour    |    10 |    41 |    66 |    52 |       ||   169
       Skin              |       |       |       |     2 |       ||     2
       Ring mail         |       |       |       |    32 |     1 ||    33
Dodge: Dodged            |    36 |   149 |   322 |   535 |    11 ||  1053
Block: Buckler           |    13 |    46 |    57 |       |       ||   116
       Kite shield       |       |       |   138 |   610 |    11 ||   759
